 Dungeon Crawl Stone Soup version 0.26-a0-540-g8a0c9464d7 (webtiles) character file.

Game seed: 11955468770993005781

7 Inarius the Skirmisher (level 1, 18/18 HPs)
             Began as a Mummy Wanderer on Aug 23, 2020.
             Safely got out of the dungeon.
             The game lasted 00:00:31 (334 turns).

Inarius the Skirmisher (Mummy Wanderer)              Turns: 334, Time: 00:00:31

Health: 18/18      AC:  5    Str: 16    XL:     1   Next: 91%
Magic:  2/2        EV: 10    Int: 13    God:
Gold:   12         SH:  0    Dex:  8    Spells: 2/2 levels left

rFire    x . .     SeeInvis .   g - +0 club
rCold    + . .     Faith    .   (no shield)
rNeg     + + +     Spirit   .   c - +0 ring mail
rPois    ∞         Reflect  .   (no helmet)
rElec    .         Harm     .   (no cloak)
rCorr    .                      (no gloves)
MR       .....                  (no boots)
Stlth    ..........             (no amulet)
HPRegen  0.06/turn              (no ring)
MPRegen  0.08/turn              (no ring)

@: no status effects
A: no potions, fire vulnerability, cold resistance 1, negative energy resistance
3, torment resistance, unbreathing
a: no special abilities


You escaped.
You visited 1 branch of the dungeon, and saw 1 of its levels.

You collected 12 gold pieces.

Inventory:

Hand Weapons
 a - a +2 shortbow
 g - a +0 club (weapon)
Missiles
 b - 33 arrows
Armour
 c - a +0 ring mail (worn)
Jewellery
 f - an uncursed amulet of the acrobat {unknown}
Scrolls
 d - a scroll of teleportation
 e - a scroll of identify {unknown}


   Skills:
 + Level 3.5 Fighting
 - Level 1.5 Bows
   Level 1.0 Shields
 + Level 1.3 Spellcasting
   Level 1.0 Translocations
   Level 1.0 Earth Magic
   Level 1.0 Evocations


You had 2 spell levels left.
You didn't know any spells.
Your spell library was empty.

Dungeon Overview and Level Annotations

Branches:
Dungeon (1/15)

Altars:


Innate Abilities, Weirdness & Mutations

You do not drink.
Your flesh is vulnerable to fire.
You are immune to poison.
Your flesh is cold resistant. (rC+)
You are immune to negative energy. (rN+++)
You are immune to unholy pain and torment.
You can survive without breathing.


Message History

A hobgoblin is nearby!
A hobgoblin is nearby!
You shoot an arrow. The arrow hits the hobgoblin.
The hobgoblin is heavily wounded.
The hobgoblin closely misses you.
You shoot an arrow. The arrow hits the hobgoblin!
You kill the hobgoblin!
No target in view!
No target in view!
b - 33 arrows (gained 2)
Things that are here:
a +0 club; a hobgoblin corpse
g - a +0 club
g - a +0 club (weapon)
You see here a goblin corpse.
You see here a stone.
There is an open door here.
There is a staircase leading out of the dungeon here.
Are you sure you want to leave the Dungeon?
This will make you lose the game!
You have escaped!

#######.# #.....#
#.......####.....###
#.#####.............
#..#######........##
#....≈≈≈≈#.........#
#....≈≈≈≈≈.........#
#....≈≈≈≈≈.........#
#...(≈≈≈≈≈.........#
#..@.≈.≈≈≈.#.###'#.#
#......≈≈≈.#.# #.###
#......≈≈≈.#.# #....
#..≈..≈≈≈≈.#.#######
##≈≈!≈≈≈≈#.#........
#≈≈≈≈≈≈≈#.#########
#########..........
#..########
##.#.......


There were no monsters in sight!

Vanquished Creatures
  A leopard gecko (D:1)
  A goblin (D:1)
  2 hobgoblins (D:1)
  2 kobolds (D:1)
6 creatures vanquished.

Notes
Turn   | Place    | Note
-------+----------+-------------------------------------------
     0 | D:1      | Inarius the Mummy Wanderer began the quest for the Orb.
     0 | D:1      | Inarius set off with the following items: a +2 shortbow, 30
                  | arrows, a +0 ring mail, a scroll of teleportation
     0 | D:1      | Reached XP level 1. HP: 18/18 MP: 2/2
   334 | D:$      | Safely got out of the dungeon.

Illustrated notes

Levels and vault maps discovered:
D:1:      dpeg_arrival_pond, layout_basic

Action                   || total
-------------------------++-------
 Fire: Shortbow          ||    20
Armor: Ring mail         ||     2
Dodge: Dodged            ||     6

Table legend: (Time is in decaauts)
 A = Elapsed time spent in this place.
 B = Non-inter-level travel time spent in this place.
 C = Inter-level travel time spent in this place.
 D = Time resting spent in this place.
 E = Time spent auto-exploring this place.
 F = Levels seen in this place.
 G = Mean time per level.
                   A        B        C        D        E       F      G
               +--------+--------+--------+--------+--------+-----+--------+
         Total |    338 |    256 |     82 |      0 |    205 |   1 |  338.0 |
       Dungeon |    338 |    256 |     82 |      0 |    205 |   1 |  338.0 |
               +--------+--------+--------+--------+--------+-----+--------+

Top non-repeatable levels by time:
     D:1: 338 daAuts
